Map: Lightshade LE

Players

Bly - Winner!

  • Race: Zerg Zerg

goblin

  • Race: Protoss Protoss

Event: DreamHack SC2 Masters 2021 Fall

VOD

Have the link to the VOD?

Description

Time

  • Played on: Aug. 7, 2021, 10:20 a.m.
  • Length: 14:00

All games in this series

Show
View Real Time Build Order
Export as new Build Order

Bly Zerg - Winner!

Build Orders: Hatch First 

Get SALT Encoding   

  12  0:00  Drone  
  13  0:12  Overlord  
  13  0:16  Drone  
  14  0:30  Drone x2  
  16  0:47  Hatchery  
  15  0:51  Drone  
  15  0:54  Drone  
  17  0:57  Drone  
  18  1:09  Extractor  
  17  1:12  Spawning Pool  
  17  1:15  Drone  
  17  1:19  Drone  
  18  1:29  Drone  
  19  1:38  Drone  
  20  1:49  Overlord  
  20  1:59  Queen x2  
  20  2:01  Zergling x4  
  26  2:09  Drone  
  26  2:11  Drone  
  26  2:13  Metabolic Boost  
  28  2:23  Drone x2  
  30  2:34  Hatchery  
  29  2:38  Drone x2  
  31  2:47  Queen  
  32  2:52  Overlord  
  32  2:57  Drone x2  
  33  3:14  Zergling x8  
  33  3:15  Drone x5  
  42  3:22  Queen  
  42  3:24  Overlord  
  44  3:43  Overlord  
  44  3:44  Drone x5  
  44  3:48  Queen  
  49  3:49  Queen  
  49  3:51  Drone  
  49  3:52  Drone  
  49  3:53  Drone  
  56  4:02  Overlord  
  56  4:04  Overlord  
  55  4:15  Drone  
  55  4:16  Drone x3  
  57  4:17  Overlord x2  
  57  4:23  Spore Crawler  
  57  4:24  Spore Crawler x2  
  55  4:27  Overlord  
  55  4:29  Zergling x8  
  58  4:35  Drone x2  
  58  4:36  Drone x2  
  62  4:40  Lair  
  62  4:49  Drone x4  
  62  4:51  Drone x3  
  69  4:57  Drone x5  
  71  5:04  Drone x3  
  71  5:06  Overlord  
  74  5:08  Extractor  
  74  5:11  Drone x3  
  76  5:14  Queen x2  
  76  5:18  Drone x2  
  82  5:22  Extractor  
  82  5:23  Extractor  
  82  5:27  Extractor x2, Drone x3  
  82  5:28  Drone x2  
  83  5:37  Drone x3  
  83  5:38  Drone x3  
  83  5:39  Drone  
  90  5:43  Spire  
  89  5:50  Drone x2  
  89  5:51  Hatchery  
  90  5:58  Overlord  
  90  5:59  Overlord  
  90  6:02  Overlord x2  
  90  6:03  Hatchery  
  89  6:06  Overlord  
  89  6:08  Overlord  
  89  6:10  Overlord  
  88  6:14  Hatchery  
  88  6:22  Drone x3  
  88  6:24  Overseer  
  91  6:27  Drone x2  
  91  6:28  Drone  
  91  6:29  Drone x8  
  102  6:44  Drone x6  
  102  6:45  Infestation Pit  
  106  6:57  Zerg Flyer Weapons Level 1  
  106  7:11  Drone x4  
  106  7:12  Extractor, Overlord x3  
  106  7:13  Extractor  
  108  7:16  Roach Warren  
  108  7:18  Evolution Chamber  
  108  7:21  Spine Crawler  
  108  7:22  Spine Crawler  
  104  7:25  Hive  
  104  7:34  Corruptor x11  
  126  7:46  Zerg Melee Weapons Level 1  
  126  7:50  Spore Crawler x2, Corruptor  
  126  7:51  Corruptor x2  
  126  8:09  Corruptor x4  
  128  8:13  Corruptor  
  125  8:24  Hatchery  
  125  8:25  Zergling x12  
  130  8:37  Hatchery  
  130  8:38  Viper x2  
  130  8:39  Drone x3  
  130  8:40  Drone  
  139  8:46  Zergling x22  
  148  8:55  Baneling Nest  
  148  8:56  Zerg Flyer Weapons Level 2  
  148  8:57  Ultralisk Cavern  
  146  9:04  Overlord  
  146  9:07  Zergling x4  
  146  9:08  Zergling x14  
  146  9:18  Hatchery  
  146  9:22  Corruptor x6  
  149  9:25  Queen x2  
  151  9:39  Roach x2  
  151  9:40  Roach x9  
  174  9:46  Baneling x10  
  174  9:48  Overlord x2  
  174  9:50  Overlord  
  172  9:57  Corruptor  
  154  10:09  Roach x11  
  164  10:21  Drone x10  
  165  10:40  Hatchery  
  164  10:44  Ravager x8  
  164  10:48  Baneling x4  
  172  10:50  Baneling  
  172  10:51  Baneling  
  172  10:53  Drone x3  
  172  10:55  Drone x3  
  172  10:56  Drone x2  
  180  11:04  Zerg Melee Weapons Level 2  
  179  11:21  Zergling x22, Greater Spire  
  179  11:22  Overlord  
  184  11:37  Zergling x8  
  184  11:38  Zergling x14, Overlord  
  182  11:50  Overlord  
  182  11:51  Glial Reconstitution  
  180  11:54  Baneling x6  
  180  11:55  Baneling x4  
  180  12:00  Zergling x6  
  180  12:01  Zergling x14  
  190  12:04  Baneling x15  
  190  12:17  Centrifical Hooks  
  164  12:38  Roach x9  
  164  12:39  Roach x6  
  168  12:55  Roach  
  168  12:56  Queen x2, Roach x4  
  171  13:00  Zergling x2  
  171  13:02  Zergling x12  
  175  13:06  Brood Lord x5  
  175  13:08  Zergling x20  
  175  13:09  Zergling x2  
  196  13:26  Baneling x11  
  196  13:28  Baneling x9  
  196  13:29  Baneling  
  196  13:34  Hatchery  
  196  13:38  Zergling x10  
  196  13:40  Baneling x9  
Show
View Real Time Build Order
Export as new Build Order

goblin Protoss 

Build Orders: 1 Gate Expand, Oracle Opening 

Get SALT Encoding   

  12  0:00  Probe  
  13  0:12  Probe  
  14  0:19  Pylon  
  14  0:24  Probe (Chrono Boost)  
  15  0:37  Probe (Chrono Boost)  
  15  0:38  Gateway  
  16  0:45  Probe (Chrono Boost)  
  16  0:46  Assimilator  
  17  0:51  Probe  
  18  1:03  Probe  
  19  1:15  Probe  
  20  1:24  Nexus  
  20  1:36  Cybernetics Core  
  20  1:37  Probe  
  21  1:42  Assimilator  
  21  1:49  Probe  
  21  1:53  Pylon  
  22  2:01  Probe (Chrono Boost)  
  23  2:13  Adept, Probe (Chrono Boost)  
  26  2:18  Probe (Chrono Boost)  
  26  2:19  Stargate  
  27  2:28  Probe (Chrono Boost), Warp Gate  
  30  2:38  Probe x2 (Chrono Boost)  
  30  2:45  Probe (Chrono Boost)  
  30  2:46  Stalker  
  30  2:48  Probe (Chrono Boost)  
  30  2:50  Probe (Chrono Boost)  
  34  2:58  Void Ray, Probe  
  36  3:02  Probe  
  41  3:16  Pylon  
  41  3:17  Probe x2 (Chrono Boost)  
  43  3:22  Assimilator x2  
  43  3:25  Probe (Chrono Boost)  
  45  3:27  Probe (Chrono Boost)  
  45  3:30  Gateway  
  45  3:31  Probe  
  46  3:37  Probe  
  46  3:38  Oracle (Chrono Boost)  
  47  3:43  Probe  
  51  3:49  Probe  
  51  3:50  Pylon  
  52  3:55  Probe  
  52  4:01  Probe  
  54  4:06  Nexus  
  54  4:11  Void Ray  
  54  4:15  Probe  
  54  4:16  Pylon  
  53  4:21  Probe  
  58  4:25  Stargate  
  58  4:31  Probe  
  59  4:33  Probe  
  60  4:40  Shield Battery  
  60  4:42  Protoss Air Weapons Level 1  
  60  4:44  Probe  
  60  4:45  Probe  
  62  4:47  Void Ray (Chrono Boost)  
  62  4:56  Probe  
  62  4:57  Probe  
  68  5:02  Adept  
  68  5:03  Pylon  
  70  5:14  Void Ray (Chrono Boost)  
  70  5:16  Void Ray (Chrono Boost)  
  70  5:17  Pylon  
  70  5:19  Probe (Chrono Boost)  
  70  5:20  Assimilator, Probe x2 (Chrono Boost)  
  73  5:24  Assimilator  
  81  5:30  Forge  
  81  5:34  Probe (Chrono Boost)  
  81  5:35  Pylon, Probe x2 (Chrono Boost)  
  84  5:37  Adept  
  84  5:42  Probe x3  
  89  5:51  Void Ray  
  89  5:53  Fleet Beacon  
  89  5:54  Probe x2  
  89  5:55  Pylon  
  89  5:56  Void Ray (Chrono Boost)  
  95  6:03  Probe  
  100  6:06  Probe  
  100  6:09  Probe  
  102  6:11  Photon Cannon  
  102  6:20  Twilight Council  
  102  6:21  Protoss Ground Weapons Level 1  
  102  6:23  Photon Cannon  
  102  6:29  Probe x2  
  104  6:35  Photon Cannon  
  104  6:37  Flux Vanes, Phoenix (Chrono Boost)  
  104  6:38  Phoenix (Chrono Boost)  
  108  6:44  Pylon  
  108  6:47  Photon Cannon  
  108  6:52  Shield Battery  
  108  6:53  Protoss Air Weapons Level 2 (Chrono Boost)  
  108  6:54  Probe x2  
  109  6:55  Phoenix x2  
  114  7:02  Blink  
  114  7:08  Gateway  
  114  7:09  Gateway  
  114  7:11  Shield Battery  
  114  7:19  Photon Cannon  
  114  7:21  Pylon  
  114  7:24  Photon Cannon  
  114  7:25  Phoenix x2  
  118  7:34  Anion Pulse-Crystals  
  118  7:38  Pylon  
  118  7:45  Gateway  
  118  7:46  Gateway  
  118  7:47  Pylon  
  118  7:50  Nexus  
  118  7:51  Pylon  
  118  8:06  Phoenix x2  
  118  8:08  Stalker x4  
  130  8:13  Probe x2  
  132  8:28  Gateway  
  132  8:29  Gateway  
  132  8:30  Protoss Ground Weapons Level 2 (Chrono Boost)  
  132  8:32  Pylon  
  128  8:39  Stalker x4  
  132  8:44  Void Ray x2  
  140  8:57  Templar Archives  
  140  9:00  Pylon  
  138  9:04  Charge (Chrono Boost)  
  138  9:05  Protoss Air Weapons Level 3 (Chrono Boost)  
  138  9:11  Stalker  
  138  9:12  Stalker x4  
  143  9:29  Zealot  
  145  9:31  Nexus  
  145  9:35  Stalker x3  
  145  9:38  Stalker  
  92  10:14  High Templar x3  
  92  10:15  High Templar, Zealot  
  92  10:16  Zealot x3  
  88  10:21  Archon x2  
  88  10:23  Probe x2  
  86  10:30  Pylon  
  86  10:31  Gateway  
  86  10:32  Gateway  
  86  10:33  Pylon  
  86  10:42  Nexus  
  86  10:56  Robotics Facility  
  86  10:59  Stalker x4  
  86  11:00  Stalker  
  96  11:05  High Templar x2  
  96  11:09  Archon  
  100  11:12  Stalker  
  101  11:25  Photon Cannon  
  101  11:27  Shield Battery  
  101  11:31  Stalker x6  
  108  11:46  Stalker x2  
  105  11:58  High Templar  
  105  11:59  High Templar  
  109  12:05  Archon  
  109  12:10  Zealot x3  
  109  12:11  Zealot x2  
  109  12:13  Assimilator  
  109  12:14  Assimilator  
  119  12:18  Shield Battery  
  119  12:21  Pylon  
  119  12:28  High Templar x2, Stalker  
  113  12:33  Archon  
  113  12:35  Stalker x3, Zealot x2  
  101  12:40  Stalker  
  89  13:00  Stalker x4  
  89  13:01  Zealot x5  
  107  13:22  High Templar x2  
  111  13:27  Archon  
  111  13:28  Nexus  
  111  13:29  Stalker x2  
  113  13:38  Stalker x2  
  111  13:45  Stalker  

Tags
 
Add a new tag
Caveats
  • Supply blocks, unpowered buildings, or Contaminate may cause inaccurate times.
  • Supply counts are checked every 10 seconds.